 Dungeon Crawl Stone Soup version 0.29-a0-520-gc852659d43 (webtiles) character file.

Game seed: 15762291318746613555

112 xian the Skirmisher (level 4, 0/38 HPs)
             Began as a Minotaur Warper on May 31, 2022.
             Slain by a gnoll
             ... wielding a +0 spear
              (5 damage)
             ... on level 3 of the Dungeon.
             The game lasted 00:07:52 (2741 turns).

xian the Skirmisher (Minotaur Warper)               Turns: 2741, Time: 00:07:53

Health: 0/38       AC:  9    Str: 17    XL:     4   Next: 63%
Magic:  5/5        EV: 10    Int: 14    God:
Gold:   118        SH:  0    Dex: 10    Spells: 3/5 levels left

rFire   . . .      SeeInvis .   y - +0 falchion of Distant Worlds {venom, Int+4}
rCold   + . .      Faith    .   (no shield)
rNeg    . . .      Spirit   .   r - +1 scale mail {rC+}
rPois   .          Reflect  .   (helmet restricted)
rElec   .          Harm     .   n - +0 cloak
rCorr   .          Rampage  .   v - +0 pair of gloves
Will    +....                   (no boots)
Stlth   ..........              (no amulet)
HPRegen 0.12/turn               h - ring of willpower
MPRegen 0.09/turn               (no ring)

@: no status effects
A: horns 2, retaliatory headbutt
a: no special abilities


You were on level 3 of the Dungeon.
You visited 1 branch of the dungeon, and saw 3 of its levels.

You collected 118 gold pieces.

Inventory:

Hand Weapons
 l - a +2 vampiric hand axe
 y - the +0 falchion of Distant Worlds (weapon) {venom, Int+4}
   (You found it on level 3 of the Dungeon)

   It poisons the flesh of those it strikes.
   Int:       It affects your intelligence (+4).
Missiles
 d - 5 boomerangs of dispersal (quivered)
Armour
 b - a +0 leather armour
 n - a +0 cloak (worn)
 r - a +1 scale mail of cold resistance (worn)
 v - a +0 pair of gloves (worn)
 A - an orb of energy
Jewellery
 h - a ring of willpower (left hand)
Wands
 u - a wand of polymorph (11)
Scrolls
 c - a scroll of blinking
 g - a scroll of magic mapping {unknown}
 i - a scroll of fog {unknown}
 j - 2 scrolls of vulnerability {unknown}
 m - 3 scrolls of identify {unknown}
 o - 2 scrolls of poison {unknown}
 t - a scroll of teleportation {unknown}
 w - a scroll of enchant armour {unknown}
 x - 3 scrolls of noise {unknown}
 z - a scroll of summoning {unknown}
Potions
 a - a potion of haste {unknown}
 e - 2 potions of heal wounds {unknown}
 f - 3 potions of curing {unknown}
 k - a potion of invisibility {unknown}
 p - a potion of mutation {unknown}
 q - a potion of cancellation {unknown}
 s - a potion of degeneration {unknown}


   Skills:
 + Level 3.5 Fighting
 + Level 3.0 Long Blades
 + Level 2.0 Axes
 + Level 1.1 Throwing
 + Level 2.4 Armour
 + Level 2.5 Dodging
 + Level 1.4 Spellcasting
 + Level 2.5 Translocations


You had 3 spell levels left.
You knew the following spells:

 Your Spells              Type           Power      Damage    Failure   Level
a - Blink                 Tloc           16%        N/A       41%         2

Your spell library contained the following spells:

 Spells                   Type           Power      Damage    Failure   Level
 Gell's Gravitas          Tloc           8%         N/A       65%         3
 Lesser Beckoning         Tloc           8%         N/A       65%         3
 Teleport Other           Tloc           8%         N/A       65%         3
 Frozen Ramparts          Ice            2%         1d2       94%         3
 Ice Form                 Ice/Tmut       1%         N/A       100%        4
 Summon Ice Beast         Ice/Summ       1%         N/A       100%        4
 Freezing Cloud           Conj/Ice/Air   0%         6-21      100%        5
 Manifold Assault         Tloc           8%         N/A       100%        5
 Simulacrum               Ice/Necr       0%         N/A       100%        6
 Polar Vortex             Ice            0%         N/A       100%        9


Dungeon Overview and Level Annotations

Branches:
Dungeon (3/15)

Altars:


Innate Abilities, Weirdness & Mutations

You have a pair of horns on your head.
You reflexively headbutt those who attack you in melee.


Message History

The gnoll shouts!
You hear a shout!
A gnoll comes into view. It is wielding a +0 flail.
The gnoll shouts!
The gnoll closely misses you.
A gnoll comes into view. It is wielding a +0 spear.
The gnoll attacks as you move away! The gnoll hits you with a +0 flail.
You barely miss the gnoll. Your headbutt misses the gnoll.
The gnoll hits you with a +0 flail.
An adder comes into view.
The adder hisses angrily.
You hear a shout!
The gnoll hits you with a +0 flail. The gnoll barely misses you.
You furiously retaliate!
You headbutt the gnoll. You barely miss the gnoll. You headbutt the gnoll!
The gnoll is heavily wounded.
The gnoll hits you with a +0 flail. The gnoll hits you but does no damage.
You hit the gnoll.
You kill the gnoll!
The gnoll hits you from afar with a +0 spear.
The gnoll barely misses you. The adder bites you but does no damage.
The gnoll hits you but does no damage.
You see here a +0 flail.
You slash the gnoll!
The gnoll is poisoned.
The gnoll is almost dead.
The adder closely misses you. The gnoll hits you but does no damage.
The gnoll hits you with a +0 flail. The adder bites you but does no damage.
You closely miss the gnoll. You headbutt the gnoll.
The gnoll is almost dead.
The adder barely misses you. The gnoll hits you with a +0 spear.
The gnoll hits you but does no damage.
You closely miss the gnoll.
The gnoll is almost dead.
You kill the gnoll!
The adder bites you but does no damage. The gnoll hits you with a +0 spear.
* * * LOW HITPOINT WARNING * * *
The adder bites you.
* * * LOW HITPOINT WARNING * * *
Unknown command.
Unknown command.
The gnoll hits you from afar with a +0 spear.
You die...

#........###......)### ##
########.#.####...........# .#
#..........# #.###.......#
.####.######.######.######.######
.#..........................# #.
......###.##.##.##..........# #.
........#..#.##.##..........# #.
#####.#......##.##........ #<
#.##..##....@)g...... #.
#####..>...##.#.##S...... #.
#...#.##.)......# .)..... #.
#...#.##................. #.
...............##.(...... #.
....###..#.#...# .#.##### ##
....# #..#.#.### #.. ##
....###..#.#.# ## ##.
#........#.#.# #..


You could see a gnoll and an adder.

Vanquished Creatures
  An adder (D:2)
  2 gnolls (D:3)
  2 dart slugs (D:3)
  2 worms
  4 orcs
  4 bats
  10 endoplasms
  3 giant cockroaches
  2 goblins
  6 hobgoblins
  8 kobolds
  4 quokkas (D:3)
  6 ball pythons
  6 frilled lizards
  4 rats
64 creatures vanquished.

Notes
Turn   | Place    | Note
-------+----------+-------------------------------------------
     0 | D:1      | xian the Minotaur Warper began the quest for the Orb.
     0 | D:1      | Reached XP level 1. HP: 18/18 MP: 1/1
   210 | D:1      | Reached XP level 2. HP: 24/25 MP: 3/3
  1029 | D:2      | Reached XP level 3. HP: 31/31 MP: 4/4
  1079 | D:2      | Learned a level 2 spell: Blink
  1574 | D:2      | Reached skill level 1 in Axes
  2027 | D:2      | Found a faded altar of an unknown god.
  2275 | D:3      | Reached XP level 4. HP: 22/38 MP: 5/5
  2590 | D:3      | Identified the +0 falchion of Distant Worlds {venom, Int+4}
  2741 | D:3      | Slain by a gnoll

Illustrated notes

Levels and vault maps discovered:
D:1:      wheals_arrival_linesprint, layout_rooms, wad_floor_pattern_untrapped
D:2:      layout_basic, ebering_ecumenical_altar_rust
D:3:      layout_loops_ring, grunt_ministairs_10, grunt_decor_cap

Skill      XL: |  1  2  3  4 |
---------------+-------------+-----
Fighting       | 3 |  3.5
Axes           | 1 2 |  2.0
Long Blades    | 3 |  3.0
Armour         | 2 |  2.4
Throwing       | |  1.1
Dodging        | |  2.5
Spellcasting   | |  1.4
Translocations | |  2.5

Action                   |  1- 3 |  4- 6 || total
-------------------------+-------+-------++-------
Melee: Falchion          |    42 |     8 ||    50
       Headbutt          |    17 |     4 ||    21
       Hand axe          |    56 |    27 ||    83
       Punch             |     2 |     1 ||     3
Throw: Boomerang         |     2 |       ||     2
Armor: Leather armour    |    19 |       ||    19
       Scale mail        |    19 |    22 ||    41
Dodge: Dodged            |    63 |    23 ||    86

Table legend: (Time is in decaauts)
 A = Elapsed time spent in this place.
 B = Non-inter-level travel time spent in this place.
 C = Inter-level travel time spent in this place.
 D = Time resting spent in this place.
 E = Time spent auto-exploring this place.
 F = Levels seen in this place.
 G = Mean time per level.
                   A        B        C        D        E       F      G
               +--------+--------+--------+--------+--------+-----+--------+
         Total |   2768 |   2706 |     62 |      0 |   1963 |   3 |  922.7 |
       Dungeon |   2768 |   2706 |     62 |      0 |   1963 |   3 |  922.7 |
               +--------+--------+--------+--------+--------+-----+--------+

Top non-repeatable levels by time:
     D:2: 1287 daAuts
     D:1: 916 daAuts
     D:3: 564 daAuts
